3L
ATHLETIC CLUB KC @ MISSISSIPPI MOCKINGBIRDS
09/04/2039
 
TOP OF THE 1ST
Athletic Club KC batting - Pitching for Mississippi Mockingbirds : RHP Zaki Fakhiri
Pitching: RHP Zaki Fakhiri
Batting: LHB César Núñez 0-0: Foul Ball, location: 2F
0-1: Called Strike
0-2: Foul Ball, location: 2F
0-2: Strikes out swinging, 2-3 out at first.
Batting: RHB Ali Ben Bongo 0-0: Called Strike
0-1: Ground out 4-3 (Groundball, 4, EV 82.5 MPH)
Batting: SHB Shiki Sanu 0-0: Called Strike
0-1: Called Strike
0-2: SINGLE (Groundball, 34D, EV 96.2 MPH)
Batting: LHB Héctor Velázquez 0-0: Called Strike
0-1: Ball
1-1: Called Strike
1-2: Foul Ball, location: 2F
1-2: Ball
2-2: Ground out 4-3 (Groundball, 4, EV 87.5 MPH)
Top of the 1st over - 0 runs, 1 hit, 0 errors, 1 left on base; Athletic Club KC 0 - Mississippi 0
BOTTOM OF THE 1ST
Mississippi Mockingbirds batting - Pitching for Athletic Club KC : RHP Scotty Bingham
Pitching: RHP Scotty Bingham
Batting: LHB Owen Sharts 0-0: Ball
1-0: Ball
2-0: Fly out, F3 (Flyball, 3D, EV 75.6 MPH)
Batting: RHB Shimei Miura 0-0: Swinging Strike
0-1: Ball
1-1: Swinging Strike
1-2: Ball
2-2: Strikes out looking
Batting: RHB Doug Allerdale 0-0: Ball
1-0: Ground out 4-3 (Groundball, 34, EV 105.6 MPH)
Bottom of the 1st over - 0 runs, 0 hits, 0 errors, 0 left on base; Athletic Club KC 0 - Mississippi 0
TOP OF THE 2ND
Athletic Club KC batting - Pitching for Mississippi Mockingbirds : RHP Zaki Fakhiri
Batting: LHB José Rodríguez 0-0: Ball
1-0: Called Strike
1-1: Foul Ball, location: 2F
1-2: Ball
2-2: Ball
3-2: Base on Balls
Batting: LHB Pablo Hernández 0-0: Ball
1-0: Fielders Choice at 2nd, 4-6 (Groundball, 4, EV 81.2 MPH)
Batting: RHB Tasuku Goto 0-0: Ball
1-0: DOUBLE (Groundball, 5L, EV 97.5 MPH)
Pablo Hernández to third
Batting: RHB Wade Tazewell 0-0: Ball
1-0: Ball
2-0: Called Strike
2-1: Ground out 4-3 (Groundball, 4MS, EV 67.5 MPH)
Pablo Hernández scores
Tasuku Goto to third
Batting: RHB Armando Altagracia 0-0: Called Strike
0-1: Ground out 4-3 (Groundball, 4, EV 83.8 MPH)
Top of the 2nd over - 1 run, 1 hit, 0 errors, 1 left on base; Athletic Club KC 1 - Mississippi 0
BOTTOM OF THE 2ND
Mississippi Mockingbirds batting - Pitching for Athletic Club KC : RHP Scotty Bingham
Batting: LHB Dean Jackson 0-0: Fly out, F9 (Flyball, 9S, EV 91.2 MPH)
Batting: LHB Vicente Gonzáles 0-0: Ball
1-0: Ball
2-0: Called Strike
2-1: Ground out U3 (Groundball, 3S, EV 83.8 MPH)
Batting: RHB Martín Talia 0-0: Ball
1-0: Called Strike
1-1: Swinging Strike
1-2: Ball
2-2: Foul Ball, location: 2F
2-2: Ball
3-2: Strikes out swinging
Bottom of the 2nd over - 0 runs, 0 hits, 0 errors, 0 left on base; Athletic Club KC 1 - Mississippi 0
TOP OF THE 3RD
Athletic Club KC batting - Pitching for Mississippi Mockingbirds : RHP Zaki Fakhiri
Batting: LHB César Núñez 0-0: Ball
1-0: Ball
2-0: Ball
3-0: Base on Balls
Batting: RHB Ali Ben Bongo 0-0: Ball
1-0: Ball
2-0: Ball
3-0: Called Strike
3-1: Base on Balls
César Núñez to second
Batting: SHB Shiki Sanu 0-0: 3-RUN HOME RUN (Flyball, 78XD, EV 103.8 MPH), Distance : 408 ft
Batting: LHB Héctor Velázquez 0-0: Called Strike
0-1: Called Strike
0-2: DOUBLE (Flyball, 78D, EV 107.5 MPH)
Batting: LHB José Rodríguez 0-0: Swinging Strike
0-1: Ball
1-1: Called Strike
1-2: Ball
2-2: Ball
3-2: Strikes out looking
Batting: LHB Pablo Hernández 0-0: Called Strike
Héctor Velázquez steals 3rd base
0-1: Ground out U3 (Groundball, 3, EV 85.6 MPH)
Batting: RHB Tasuku Goto 0-0: Ball
1-0: Ball
2-0: Foul Ball, location: 2F
2-1: Called Strike
2-2: SINGLE (Line Drive, 8LS, EV 104.4 MPH)
Héctor Velázquez scores
Batting: RHB Wade Tazewell Pickoff Throw to First - Out! 1-3
Top of the 3rd over - 4 runs, 3 hits, 0 errors, 0 left on base; Athletic Club KC 5 - Mississippi 0
BOTTOM OF THE 3RD
Mississippi Mockingbirds batting - Pitching for Athletic Club KC : RHP Scotty Bingham
Batting: RHB Iiri Haapajarvi 0-0: Ball
1-0: Swinging Strike
1-1: Swinging Strike
1-2: Foul Ball, location: 2F
1-2: Ball
2-2: Ball
3-2: Foul Ball, location: 2F
3-2: Foul Ball, location: 2F
3-2: Strikes out swinging
Batting: LHB Chris Fitzgerald 0-0: Ball
1-0: Ball
2-0: Ball
3-0: Base on Balls
Batting: RHB Freddy Torres 0-0: Swinging Strike
0-1: Fly out, F8 (Line Drive, 8RD, EV 93.8 MPH)
Batting: LHB Owen Sharts 0-0: Ball
1-0: Swinging Strike
1-1: Foul Ball, location: 2F
1-2: Ball
2-2: Strikes out swinging
Bottom of the 3rd over - 0 runs, 0 hits, 0 errors, 1 left on base; Athletic Club KC 5 - Mississippi 0
TOP OF THE 4TH
Athletic Club KC batting - Pitching for Mississippi Mockingbirds : RHP Zaki Fakhiri
Batting: RHB Wade Tazewell 0-0: Swinging Strike
0-1: Ball
1-1: Swinging Strike
1-2: SINGLE (Line Drive, 6M, EV 95.0 MPH)
Batting: RHB Armando Altagracia 0-0: Called Strike
0-1: Foul Ball, location: 2F
0-2: Strikes out looking
Batting: LHB César Núñez 0-0: Foul Ball, location: 2F
0-1: Ball
1-1: Ball
2-1: Ball
3-1: Foul Ball, location: 2F
3-2: SINGLE (Groundball, 4D, EV 98.8 MPH)
Wade Tazewell to second
Runner from 2nd tries for 3rd, SAFE, throw by RF made to third
Batting: RHB Ali Ben Bongo 0-0: Foul Ball, location: 2F
0-1: Foul Ball, location: 2F
0-2: Ball
1-2: 3-RUN HOME RUN (Flyball, 78XD, EV 100.0 MPH), Distance : 406 ft
Pitching: RHP King Kelly
Batting: SHB Shiki Sanu 0-0: Called Strike
0-1: Foul Ball, location: 2F
0-2: Ball
1-2: Ball
2-2: Strikes out looking
Batting: LHB Héctor Velázquez 0-0: Swinging Strike
0-1: Ball
1-1: Fly out, F7 (Flyball, 78D, EV 101.9 MPH)
Top of the 4th over - 3 runs, 3 hits, 0 errors, 0 left on base; Athletic Club KC 8 - Mississippi 0
BOTTOM OF THE 4TH
Mississippi Mockingbirds batting - Pitching for Athletic Club KC : RHP Scotty Bingham
Batting: RHB Shimei Miura 0-0: Called Strike
0-1: Ball
1-1: Swinging Strike
1-2: Foul Ball, location: 2F
1-2: Strikes out swinging
Batting: RHB Doug Allerdale 0-0: Foul Ball, location: 2F
0-1: Ball
1-1: Ball
2-1: Called Strike
2-2: Hit by Pitch
Batting: LHB Dean Jackson 0-0: Ball
1-0: 2-RUN HOME RUN (Flyball, 89XD, EV 103.8 MPH), Distance : 395 ft
Batting: LHB Vicente Gonzáles 0-0: Fly out, F9 (Flyball, 89S, EV 71.9 MPH)
Batting: RHB Martín Talia 0-0: Called Strike
0-1: Fly out, F8 (Flyball, 8RD, EV 72.5 MPH)
Bottom of the 4th over - 2 runs, 1 hit, 0 errors, 0 left on base; Athletic Club KC 8 - Mississippi 2
TOP OF THE 5TH
Athletic Club KC batting - Pitching for Mississippi Mockingbirds : RHP King Kelly
Batting: LHB José Rodríguez 0-0: Ball
1-0: Ball
2-0: Foul Ball, location: 2F
2-1: Foul Ball, location: 2F
2-2: Foul Ball, location: 2F
2-2: Ball
3-2: Foul Ball, location: 2F
3-2: Base on Balls
Batting: LHB Pablo Hernández 0-0: Ball
1-0: Ball
2-0: Ball
3-0: Base on Balls
José Rodríguez to second
Batting: RHB Tasuku Goto 0-0: Foul Ball, location: 2F
0-1: Ball
1-1: Foul Ball, location: 2F
1-2: Strikes out swinging
Batting: RHB Wade Tazewell 0-0: Foul Ball, location: 2F
0-1: Swinging Strike
0-2: Foul Ball, location: 2F
0-2: Ball
1-2: Ball
2-2: Strikes out swinging
Batting: RHB Armando Altagracia 0-0: Called Strike
0-1: Ball
1-1: Hit by Pitch
José Rodríguez to third
Pablo Hernández to second
Batting: LHB César Núñez 0-0: Ball
1-0: Called Strike
1-1: Foul Ball, location: 2F
1-2: Ball
2-2: Ground out U3 (Groundball, 34, EV 102.5 MPH)
Top of the 5th over - 0 runs, 0 hits, 0 errors, 3 left on base; Athletic Club KC 8 - Mississippi 2
BOTTOM OF THE 5TH
Mississippi Mockingbirds batting - Pitching for Athletic Club KC : RHP Scotty Bingham
Batting: RHB Iiri Haapajarvi 0-0: Ball
1-0: DOUBLE (Line Drive, 9LS, EV 105.0 MPH)
Batting: LHB Chris Fitzgerald 0-0: Ball
1-0: SINGLE (Line Drive, 6D, EV 95.6 MPH)
Iiri Haapajarvi to third
Runner from 3rd tries for Home, SAFE, no throw by LF
Batting: RHB Freddy Torres 0-0: Ball
1-0: Foul Ball, location: 2F
1-1: Fielders Choice at 2nd, 6-4 (Groundball, 6, EV 91.2 MPH)
Batting: LHB Owen Sharts 0-0: Ball
1-0: Called Strike
1-1: Ball
2-1: SINGLE (Groundball, 34D, EV 95.6 MPH)
Freddy Torres to second
Runner from 2nd tries for 3rd, SAFE, throw by RF made to third
Batting: RHB Shimei Miura 0-0: Ball
1-0: Ball
2-0: Ball
3-0: Called Strike
3-1: Called Strike
3-2: Foul Ball, location: 2F
3-2: Grounds into double play, 5-4-3 (Groundball, 5, EV 91.9 MPH)
Bottom of the 5th over - 1 run, 3 hits, 0 errors, 1 left on base; Athletic Club KC 8 - Mississippi 3
TOP OF THE 6TH
Athletic Club KC batting - Pitching for Mississippi Mockingbirds : RHP King Kelly
Batting: RHB Ali Ben Bongo 0-0: Foul Ball, location: 2F
0-1: Called Strike
0-2: Ball
1-2: Ball
2-2: Ball
3-2: Ground out 4-3 (Groundball, 4, EV 78.1 MPH)
Batting: SHB Shiki Sanu 0-0: Ball
1-0: Ball
2-0: Ball
3-0: Called Strike
3-1: Called Strike
3-2: Strikes out swinging
Batting: LHB Héctor Velázquez 0-0: Ball
1-0: Ball
2-0: SINGLE (Line Drive, 7S, EV 106.9 MPH)
Pitching: RHP William DeWitt
Batting: LHB José Rodríguez 0-0: Ball
1-0: Ball
Wild Pitch!
Héctor Velázquez to second
2-0: Ball
3-0: Called Strike
3-1: Base on Balls
Batting: LHB Pablo Hernández 0-0: Swinging Strike
0-1: Foul Ball, location: 2F
0-2: Ball
1-2: Foul Ball, location: 2F
1-2: Foul Ball, location: 2F
1-2: SINGLE (Groundball, 3D, EV 101.2 MPH)
Héctor Velázquez to third
José Rodríguez to second
Runner from 3rd tries for Home, SAFE, no throw by RF
Batting: RHB Tasuku Goto 0-0: Foul Ball, location: 2F
0-1: Swinging Strike
0-2: Strikes out swinging
Top of the 6th over - 1 run, 2 hits, 0 errors, 2 left on base; Athletic Club KC 9 - Mississippi 3
BOTTOM OF THE 6TH
Mississippi Mockingbirds batting - Pitching for Athletic Club KC : RHP Scotty Bingham
Batting: RHB Doug Allerdale 0-0: Called Strike
0-1: Ball
1-1: Ball
2-1: SINGLE (Flyball, 9LS, EV 91.2 MPH)
Batting: LHB Dean Jackson 0-0: Called Strike
0-1: Ball
1-1: Foul Ball, location: 2F
1-2: Strikes out swinging
Batting: LHB Vicente Gonzáles 0-0: Ball
1-0: Called Strike
1-1: Ball
2-1: Ball
3-1: Base on Balls
Doug Allerdale to second
Batting: RHB Martín Talia 0-0: Ball
1-0: Grounds into double play, 6-4-3 (Groundball, 6, EV 101.2 MPH)
Bottom of the 6th over - 0 runs, 1 hit, 0 errors, 1 left on base; Athletic Club KC 9 - Mississippi 3
TOP OF THE 7TH
Athletic Club KC batting - Pitching for Mississippi Mockingbirds : RHP William DeWitt
Batting: RHB Wade Tazewell 0-0: Called Strike
0-1: Ball
1-1: Foul Ball, location: 2F
1-2: Ball
2-2: Ground out 4-3 (Groundball, 4, EV 83.8 MPH)
Batting: RHB Armando Altagracia 0-0: Ground out 6-3 (Groundball, 6, EV 93.8 MPH)
Batting: LHB César Núñez 0-0: Called Strike
0-1: Swinging Strike
0-2: Ball
1-2: Strikes out looking
Top of the 7th over - 0 runs, 0 hits, 0 errors, 0 left on base; Athletic Club KC 9 - Mississippi 3
BOTTOM OF THE 7TH
Mississippi Mockingbirds batting - Pitching for Athletic Club KC : RHP Scotty Bingham
Batting: RHB Iiri Haapajarvi 0-0: Ball
1-0: Ball
2-0: Called Strike
2-1: Called Strike
2-2: Foul Ball, location: 2F
2-2: Ground out 5-3 (Groundball, 56S, EV 91.9 MPH)
Batting: LHB Chris Fitzgerald 0-0: Swinging Strike
0-1: Called Strike
0-2: Foul Ball, location: 2F
0-2: Strikes out swinging
Batting: RHB Freddy Torres 0-0: Ball
1-0: Foul Ball, location: 2F
1-1: Ground out 5-3 (Groundball, 56, EV 87.5 MPH)
Bottom of the 7th over - 0 runs, 0 hits, 0 errors, 0 left on base; Athletic Club KC 9 - Mississippi 3
TOP OF THE 8TH
Athletic Club KC batting - Pitching for Mississippi Mockingbirds : RHP William DeWitt
Batting: RHB Ali Ben Bongo 0-0: Ball
1-0: Foul Ball, location: 2F
1-1: Ball
2-1: Foul Ball, location: 2F
2-2: Ball
3-2: Foul Ball, location: 2F
3-2: Ground out 5-3 (Groundball, 5S, EV 78.1 MPH)
Batting: SHB Shiki Sanu 0-0: Called Strike
0-1: Foul Ball, location: 2F
0-2: Ball
1-2: Ball
2-2: Ball
3-2: SINGLE (Groundball, 3D, EV 95.0 MPH)
Batting: LHB Héctor Velázquez 0-0: SINGLE (Line Drive, 6D, EV 105.6 MPH)
Shiki Sanu to second
Batting: LHB José Rodríguez 0-0: Ball
1-0: Foul Ball, location: 2F
1-1: Foul Ball, location: 2F
1-2: Fielders Choice at 2nd, 4-6 (Groundball, 4S, EV 90.6 MPH)
Shiki Sanu to third
Batting: LHB Pablo Hernández 0-0: Foul Ball, location: 2F
0-1: Fly out, F4 (Popup, 4MD, EV 56.9 MPH)
Top of the 8th over - 0 runs, 2 hits, 0 errors, 2 left on base; Athletic Club KC 9 - Mississippi 3
BOTTOM OF THE 8TH
Mississippi Mockingbirds batting - Pitching for Athletic Club KC : RHP Scotty Bingham
Pitching: LHP Ben Skelton
Batting: LHB Owen Sharts 0-0: Called Strike
0-1: Swinging Strike
0-2: Ball
1-2: Foul Ball, location: 2F
1-2: Ball
2-2: Ball
3-2: Base on Balls
Batting: RHB Shimei Miura 0-0: Called Strike
0-1: Foul Ball, location: 2F
0-2: Ball
1-2: Foul Ball, location: 2F
1-2: Foul Ball, location: 2F
1-2: Ball
2-2: Strikes out swinging
Batting: RHB Doug Allerdale 0-0: Ball
1-0: Foul Ball, location: 2F
1-1: Foul Ball, location: 2F
1-2: Foul Ball, location: 2F
1-2: Foul Ball, location: 2F
1-2: DOUBLE (Line Drive, 78D, EV 105.6 MPH)
Owen Sharts to third
Runner from 3rd tries for Home, SAFE, throw by CF to trailing runner, OUT at third! 8-6-5
Batting: LHB Dean Jackson 0-0: Foul Ball, location: 2F
0-1: Fly out, F8 (Flyball, 8RD, EV 98.8 MPH)
Bottom of the 8th over - 1 run, 1 hit, 0 errors, 0 left on base; Athletic Club KC 9 - Mississippi 4
TOP OF THE 9TH
Athletic Club KC batting - Pitching for Mississippi Mockingbirds : RHP William DeWitt
Batting: RHB Tasuku Goto 0-0: Fly out, F8 (Flyball, 78D, EV 90.6 MPH)
Batting: RHB Wade Tazewell 0-0: Swinging Strike
0-1: Ball
1-1: Foul Ball, location: 2F
1-2: Strikes out swinging
Batting: RHB Armando Altagracia 0-0: Swinging Strike
0-1: SINGLE (Flyball, 7S, EV 92.5 MPH)
Pitching: RHP Morton Steele
Batting: LHB César Núñez 0-0: Called Strike
0-1: Ball
1-1: Ball
2-1: Foul Ball, location: 2F
2-2: Fly out, F8 (Flyball, 8LXD, EV 84.4 MPH)
Top of the 9th over - 0 runs, 1 hit, 0 errors, 1 left on base; Athletic Club KC 9 - Mississippi 4
BOTTOM OF THE 9TH
Mississippi Mockingbirds batting - Pitching for Athletic Club KC : LHP Ben Skelton
Batting: LHB Vicente Gonzáles 0-0: Foul Ball, location: 2F
0-1: Foul Ball, location: 2F
0-2: SINGLE (Groundball, 3D, EV 102.5 MPH)
Batting: RHB Martín Talia 0-0: Called Strike
0-1: DOUBLE (Flyball, 8RXD, EV 93.1 MPH)
Vicente Gonzáles to third
Batting: RHB Iiri Haapajarvi 0-0: Ball
1-0: Ball
2-0: Called Strike
2-1: Called Strike
2-2: Foul Ball, location: 2F
2-2: Foul Ball, location: 2F
2-2: Foul Ball, location: 2F
2-2: Ball
3-2: Base on Balls
Pitching: RHP David Maxwell
Batting: LHB Chris Fitzgerald 0-0: Ball
1-0: Called Strike
1-1: Ball
2-1: Foul Ball, location: 2F
2-2: Foul Ball, location: 2F
2-2: Strikes out swinging
Batting: RHB Freddy Torres 0-0: Called Strike
0-1: Foul Ball, location: 2F
0-2: Foul Ball, location: 2F
0-2: Foul Ball, location: 2F
0-2: Ball
1-2: Ball
2-2: Ball
3-2: Base on Balls
Vicente Gonzáles scores
Martín Talia to third
Iiri Haapajarvi to second
Batting: LHB Owen Sharts 0-0: Fielders Choice at 3rd, U5 (Groundball, 5L, EV 100.6 MPH)
Martín Talia scores
Freddy Torres to second
Batting: RHB Shimei Miura 0-0: Fielders Choice at 2nd, 6-4 (Groundball, 6, EV 91.9 MPH)
Bottom of the 9th over - 2 runs, 2 hits, 0 errors, 2 left on base; Athletic Club KC 9 - Mississippi 6
Wednesday, July 8th, 2020 - OOTP Baseball 20.8 Build 74